 Dungeon Crawl Stone Soup version 0.32-a0-576-g706899e69d (webtiles) character file.

Game seed: 17120234426259394866

2553 Aneyh the Carver (level 9, -19/49 HPs)
             Began as a Tengu Monk on Mar 1, 2024.
             Was an Elder of Hepliaklqana.
             Killed by an exploding wolf (43 damage)
             ... ignited by their inner flame
             ... on level 8 of the Dungeon.
             The game lasted 00:09:08 (6635 turns).

Aneyh the Carver (Tengu Monk)                       Turns: 6635, Time: 00:09:09

Health: -19/49     AC:  7    Str: 11    XL:     9   Next: 56%
Magic:  10/10      EV: 21    Int: 11    God:    Hepliaklqana [****..]
Gold:   327        SH:  0    Dex: 21    Spells: 2/8 levels left

rFire   . . .        a - +0 falchion
rCold   . . .        (no shield)
rNeg    . . .        h - +0 leather armour
rPois   .            (helmet restricted)
rElec   .            p - +2 cloak
rCorr   .            (no gloves)
SInv    .            (boots unavailable)
Will    .....        (no amulet)
Stlth   ++           (no ring)
HPRegen 0.28/turn    (no ring)
MPRegen 0.12/turn

%: acrobat
@: flying
A: reduced essence, beak, talons 3, evasive flight, acrobatic
a: Renounce Religion, Recall Ancestor, Ancestor Identity, Transference, Idealise


You were on level 8 of the Dungeon.
You worshipped Hepliaklqana.
Hepliaklqana was greatly pleased with you.
You visited 1 branch of the dungeon, and saw 8 of its levels.

You collected 327 gold pieces.

Inventory:

Hand Weapons
 a - a +0 falchion (weapon)
 b - a +0 shortbow
 j - a +0 rapier
 t - a +0 long sword
 v - a +0 trident
 A - a +0 sling
 G - a +2 dagger of protection
 J - a +5 short sword
 N - a +1 falchion of holy wrath
Missiles
 B - 3 javelins
Armour
 c - a +0 ring mail
 d - an orb of light
 g - a +0 robe
 h - a +0 leather armour (worn)
 p - a +2 cloak (worn)
 s - a +0 plate armour
 H - the +1 robe of Spring Thaw {MP+9}
   (You found it on level 5 of the Dungeon)

   MP+9:      It affects your magic capacity (+9).
 O - a +0 buckler
Jewellery
 q - the amulet "Diafat" {Faith Harm Int+4}
   (You found it on level 3 of the Dungeon)

   [amulet of faith]

   Faith:     It allows you to gain divine favour quickly.
   Int+4:     It affects your intelligence (+4).
   Harm:      It increases damage dealt and taken.
Wands
 i - a wand of paralysis (13)
 F - a wand of digging (10)
 I - a wand of mindburst (15)
 M - a wand of quicksilver (3)
Scrolls
 e - a scroll of amnesia {unknown}
 f - 6 scrolls of identify {unknown}
 k - a scroll of enchant weapon {unknown}
 l - a scroll of fog {unknown}
 r - a scroll of teleportation {unknown}
 u - a scroll of immolation
 y - a scroll of noise {unknown}
 C - a scroll of poison {unknown}
 D - a scroll of vulnerability {unknown}
 E - 3 scrolls of revelation {unknown}
Potions
 m - a potion of mutation {unknown}
 n - 6 potions of degeneration {unknown}
 o - a potion of haste {unknown}
 w - 3 potions of lignification {unknown}
 x - 2 potions of enlightenment {unknown}
 z - a potion of ambrosia
 K - a potion of curing {unknown}
 L - a potion of brilliance {unknown}


   Skills:
 * Level 5.9 Fighting
 + Level 8.5 Long Blades
 - Level 6.0 Armour
 - Level 8.0 Dodging
 * Level 3.1 Summonings


You had 2 spell levels left.
You knew the following spells:

 Your Spells              Type           Power      Damage    Failure   Level
a - Summon Cactus Giant   Summ           3%         N/A       100%        6

Your spell library contained the following spells:

 Spells                   Type           Power      Damage    Failure   Level
 Blink                    Tloc           0%         N/A       56%         2
 Lesser Beckoning         Tloc           0%         N/A       56%         2
 Momentum Strike          Conj/Tloc      0%         3d8       56%         2
 Scorch                   Fire           0%         2d5       56%         2
 Fugue of the Fallen      Necr           0%         N/A       80%         3
 Ozocubu's Armour         Ice            0%         N/A       80%         3
 Flame Wave               Conj/Fire      0%         2d4       99%         4
 Manifold Assault         Tloc           0%         N/A       99%         4


Dungeon Overview and Level Annotations

Branches:
Dungeon (8/15)             Temple (0/1) D:5
   Lair: D:8-11

Altars:
Ashenzari
Hepliaklqana
Vehumet

Shops:
D:4 *   D:6 [


Innate Abilities, Weirdness & Mutations

Your life essence is reduced to manifest your ancestor. (-10% HP)
You have a beak for a mouth.
You have claws for feet.
Your magical flight helps you evade attacks. (EV +4)
You can magically evade attacks while moving or waiting.


Message History

The hound pauses to sniff the water.
Things that are here:
a +0 short sword; a +0 leather armour
Okay, then.
Your +1 falchion of holy wrath stops glowing.
v - a +0 trident (weapon)
An orc comes into view. It is wielding a +0 club.
The wolf closely misses Quoshroyn.
The hound closely misses Quoshroyn.
Reach: v) +0 trident
Press: ? - help, Dir - move target, f - wolf
Aim: a wolf (almost dead, not watching you, ally target, about 54% to evade your +0 trident)
You reach to attack!
You strike the helpless wolf from behind!
You puncture the wolf!
You kill the wolf!
The wolf bites Quoshroyn!
Quoshroyn hits the wolf with a +0 quarterstaff!
The hound bites Quoshroyn.
The wolf bites Quoshroyn!
The hound bites Quoshroyn.
The hound closely misses Quoshroyn.
Quoshroyn completely misses the hound.
An orc comes into view. It is wielding a +0 falchion.
The wolf bites Quoshroyn!
Quoshroyn is destroyed!
Reach: v) +0 trident
Press: ? - help, Dir - move target, f - hound
Aim: a hound (about 47% to evade your +0 trident)
Okay, then.
As you read the scroll labelled UTHROASI GAPNER, it crumbles to dust.
The creatures around you are filled with an inner flame!
It was a scroll of immolation.
a - a +0 falchion (weapon)
You slash the wolf!
Flame seeps out of the wolf.
You claw the wolf, but do no damage.
Flame seeps out of the wolf.
You peck the wolf.
The wolf is almost dead.
The wolf is engulfed in blazing flames.
The wolf explodes!
The fiery explosion engulfs you!!!
Ouch! That really hurt!
You die...
Hepliaklqana delivers you to your ancestors.

##'## #...## .. .....##
###.# ......## ##.#.###
.......####......#
.......'.......... .
.......####....#.########..
......## #...#.#h........
.....## #[.#@○hh.......
#...## #...§#h.~..~~..
##'## ##.###..~.~~~.~ #.#
#.# #.h~.≈~~.~ #.# #.#
#...~~≈~.~ ##.### #.#
#.~..o≈≈.S .....# #.#
#..~~.oh.S .....# #.#
#..~~~~... #....# #######.#
#.~~≈~.~.~


You could see 4 hounds and 2 orcs.

Vanquished Creatures
  A water moccasin (D:3)
  An ice beast (D:7)
  2 wolves (D:8)
  A centaur (D:5)
  Blork the orc (D:4)
  A bullfrog (D:7)
  2 scorpions (D:6)
  3 wights (D:7)
  A bombardier beetle (D:4)
  2 orc priests
  A jelly (D:7)
  An iguana (D:5)
  An orc wizard (D:7)
  4 adders
  2 shadow imps
  4 dart slugs
  10 orcs
  4 bats
  9 endoplasms
  3 giant cockroaches
  7 goblins
  2 hobgoblins (D:1)
  4 jackals (D:2)
  10 ball pythons
  4 frilled lizards
  5 kobolds
  4 rats
90 creatures vanquished.

Vanquished Creatures (collateral kills)
  A troll (D:8)
  A water moccasin (D:5)
  Duvessa (D:7)
  An orc warrior (D:7)
  A black bear (D:6)
  2 ice beasts
  2 sky beasts
  A centaur (D:8)
  A scorpion (D:4)
  A wight (D:7)
  Dowan (D:7)
  2 hounds
  2 orc priests
  An iguana (D:5)
  2 sleepcaps
  3 orc wizards
  A white imp (D:7)
  2 ufetubi (D:6)
  4 orcs
  A ball python (D:4)
  A quokka (D:4)
  2 goblins (D:4)
34 creatures vanquished.

Vanquished Creatures (others)
  A battlemage (D:8)
1 creature vanquished.

Grand Total: 125 creatures vanquished

Notes
Turn   | Place    | Note
-------+----------+-------------------------------------------
     0 | D:1      | Aneyh the Tengu Monk began the quest for the Orb.
     0 | D:1      | Reached XP level 1. HP: 14/14 MP: 2/2
   521 | D:1      | Reached XP level 2. HP: 19/19 MP: 3/3
   902 | D:1      | Reached XP level 3. HP: 23/23 MP: 4/4
  1485 | D:2      | Reached XP level 4. HP: 25/28 MP: 5/5
  1782 | D:3      | Noticed a kobold brigand
  2043 | D:3      | Noticed a water moccasin
  2066 | D:3      | Killed a water moccasin
  2066 | D:3      | HP: 1/28 [poisoned by a water moccasin]
  2067 | D:3      | Reached skill level 5 in Dodging
  2067 | D:3      | Reached XP level 5. HP: 1/32 MP: 6/6
  2385 | D:3      | Reached skill level 5 in Long Blades
  2543 | D:3      | Identified the amulet "Diafat" {Faith Harm Int+4}
  2821 | D:4      | Found a hazy altar of Hepliaklqana.
  2875 | D:4      | Became a worshipper of Hepliaklqana the Forgotten
  2875 | D:4      | Reached * piety under Hepliaklqana
  2875 | D:4      | Reached ** piety under Hepliaklqana
  2876 | D:4      | Remembered your ancestor Quoshroyn as a battlemage
  2918 | D:4      | Found Wygg's Gadget Gallery.
  2964 | D:4      | Noticed Blork the orc
  2970 | D:4      | Killed Blork the orc
  2971 | D:4      | Reached XP level 6. HP: 25/33 MP: 7/7
  3336 | D:4      | Found a broken altar of Ashenzari.
  3719 | D:5      | Entered Level 5 of the Dungeon
  3722 | D:5      | Gained mutation: Your magical flight helps you evade
                  | attacks. (EV +4) [Tengu growth]
  3722 | D:5      | Reached XP level 7. HP: 36/36 MP: 8/8
  3862 | D:5      | Found a radiant altar of Vehumet.
  3904 | D:5      | Found a staircase to the Ecumenical Temple.
  3966 | D:5      | Reached skill level 1 in Armour
  4185 | D:5      | Reached *** piety under Hepliaklqana
  4357 | D:5      | Identified the +1 robe of Spring Thaw {MP+9}
  4514 | D:5      | Reached XP level 8. HP: 41/41 MP: 9/9
  4677 | D:6      | Reached skill level 5 in Armour
  4755 | D:6      | Found Mikynt's Antique Armour Shoppe.
  5732 | D:7      | Reached XP level 9. HP: 35/47 MP: 10/10
  5739 | D:7      | Learned a level 6 spell: Summon Cactus Giant
  5919 | D:7      | Reached skill level 5 in Fighting
  5919 | D:7      | Noticed Duvessa
  5919 | D:7      | Noticed Dowan
  5930 | D:7      | Killed Duvessa
  5931 | D:7      | Reached skill level 1 in Summonings
  5933 | D:7      | Killed Dowan
  6178 | D:7      | Reached **** piety under Hepliaklqana
  6615 | D:8      | Noticed a troll
  6628 | D:8      | Killed a troll
  6635 | D:8      | Killed by an exploding wolf... ignited by their inner flame

Illustrated notes

Levels and vault maps discovered:
D:1:      dpeg_arrival_orchard, layout_basic, minmay_pentomino_w2
D:2:      layout_basic
D:3:      layout_basic, kennysheep_flooded_box, st_stairs_2,
          lightli_corner_chamber
D:4:      layout_loops_corners, nzn_hepliaklqana_mist_gate,
          mainiacjoe_overflow_concentric_impassable, nicolae_shop_gadgets,
          uniq_blork_the_orc
D:5:      layout_layer_cave, mainiacjoe_overflow_paths,
          minmay_temple_entry_poolview, nicolae_tricolors
D:6:      layout_loops_ring, serial_shops, shop
D:7:      layout_cave_pods, kennysheep_generic_room_5, uniq_duvessa
D:8:      layout_loops_corners, grunt_gozag_breadcrumbs,
          overflow_temple_1_default, erik_lair_island, serial_shops, shop,
          minmay_misc_feat_room

Skill      XL: |  1  2  3  4  5  6  7  8  9 |
---------------+----------------------------+-----
Dodging        | 4 5 6 7 8 |  8.0
Long Blades    | 4 5 7 8 |  8.5
Armour         | 4 6 |  6.0
Fighting       | 4 5 |  5.9
Summonings     | 3 |  3.1

Action                     |  1- 3 |  4- 6 |  7- 9 || total
---------------------------+-------+-------+-------++-------
  Melee: Falchion          |    22 |    26 |   103 ||   151
         Kick              |     4 |    19 |    49 ||    72
         Peck              |     2 |     8 |    25 ||    35
         Long sword        |       |    29 |     6 ||    35
         Trident           |       |       |     1 ||     1
   Fire: Sling             |    65 |    30 |       ||    95
         Shortbow          |       |       |    57 ||    57
 Invoke: Ancestor Life: Ba |       |     1 |       ||     1
    Use: Potion            |       |     2 |       ||     2
         Scroll            |       |       |     1 ||     1
   Stab: Sleeping          |     1 |     2 |       ||     3
         Distracted        |       |       |     1 ||     1
 Armour: Robe              |    20 |       |       ||    20
         Leather armour    |       |    28 |    59 ||    87
  Dodge: Dodged            |    22 |    58 |   140 ||   220

Table legend: (Time is in decaauts)
 A = Elapsed time spent in this place.
 B = Non-inter-level travel time spent in this place.
 C = Inter-level travel time spent in this place.
 D = Time resting spent in this place.
 E = Time spent auto-exploring this place.
 F = Levels seen in this place.
 G = Mean time per level.
                   A        B        C        D        E       F      G
               +--------+--------+--------+--------+--------+-----+--------+
         Total |   6689 |   6419 |    270 |    259 |   5270 |   8 |  836.1 |
       Dungeon |   6689 |   6419 |    270 |    259 |   5270 |   8 |  836.1 |
               +--------+--------+--------+--------+--------+-----+--------+

Top non-repeatable levels by time:
     D:1: 1126 daAuts
     D:7: 1047 daAuts
     D:3: 1044 daAuts
     D:4: 968 daAuts
     D:6: 899 daAuts
     D:5: 878 daAuts
     D:2: 618 daAuts
     D:8: 105 daAuts
